 Dungeon Crawl Stone Soup version 0.30-a0-765-g3161bf10a1 (webtiles) character file.

Game seed: 18360450739020963213

1404 Oxelix the Firebug (level 8, -9/52 HPs)
             Began as a Demonspawn Fire Elementalist on Feb 12, 2023.
             Was an Initiate of Cheibriados.
             Engulfed by a cloud of flame (23 damage)
             ... on level 5 of the Dungeon.
             The game lasted 00:13:43 (6632 turns).

Oxelix the Firebug (Demonspawn Fire Elementalist)   Turns: 6632, Time: 00:13:44

Health: -9/52      AC:  4    Str: 16    XL:     8   Next: 42%
Magic:  9/15       EV: 12    Int: 26    God:    Cheibriados [......]
Gold:   354        SH:  0    Dex: 14    Spells: 10/17 levels left

rFire   . . .      SeeInvis .    (no weapon)
rCold   . . .      Faith    .    (no shield)
rNeg    . . .      Spirit   .    a - +0 robe
rPois   .          Reflect  .    (helmet restricted)
rElec   .          Harm     .    (no cloak)
rCorr   .          Rampage  .    n - +1 pair of gloves
Will    .....                    (no boots)
Stlth   ++                       C - amulet of regeneration
HPRegen 1.08/turn                e - +6 ring of strength
MPRegen 0.14/turn                j - +6 ring of intelligence

@: very slow
A: claws 2, hooves 1, horns 1, demonic guardian 1, demonic magic 1
a: Renounce Religion


You were on level 5 of the Dungeon.
You worshipped Cheibriados.
Cheibriados was noncommittal.
You visited 1 branch of the dungeon, and saw 5 of its levels.
You also visited: Sewer.

You collected 354 gold pieces.

Inventory:

Missiles
 h - 6 javelins
 v - 12 poisoned darts
 y - a throwing net
 H - a boomerang
Armour
 a - a +0 robe (worn)
 n - a +1 pair of gloves (worn)
 u - a +0 tower shield
Jewellery
 e - a +6 ring of strength (left hand)
 j - a +6 ring of intelligence (right hand)
 r - a +6 ring of strength
 A - a ring of poison resistance
 C - an amulet of regeneration (around neck)
 D - a ring of protection from fire
Wands
 l - a wand of roots (8)
 G - a wand of flame (23)
Scrolls
 d - 2 scrolls of vulnerability {unknown}
 i - 2 scrolls of teleportation
 k - 2 scrolls of torment {unknown}
 m - a scroll of butterflies {unknown}
 p - 3 scrolls of blinking
 s - a scroll of brand weapon
 t - 2 scrolls of enchant weapon
 x - a scroll of silence {unknown}
 B - a scroll of noise {unknown}
 E - a scroll of fear {unknown}
Potions
 b - a potion of mutation {unknown}
 c - 4 potions of heal wounds
 f - 2 potions of lignification {unknown}
 g - 3 potions of might {unknown}
 o - 3 potions of degeneration {unknown}
 q - a potion of attraction {unknown}
 w - a potion of haste {unknown}
 z - 2 potions of brilliance {unknown}
 F - 3 potions of curing


   Skills:
 - Level 1.7 Dodging
 - Level 1.7 Stealth
 + Level 5.1 Spellcasting
 + Level 5.2 Conjurations
 * Level 7.2 Fire Magic


You had 10 spell levels left.
You knew the following spells:

 Your Spells              Type           Power      Damage    Failure   Level
a - Foxfire               Conj/Fire      100%       2x1d9     1%          1
b - Scorch                Fire           88%        2d9       1%          2
c - Flame Wave            Conj/Fire      39%        2d11      6%          4

Your spell library contained the following spells:

 Spells                   Type           Power      Damage    Failure   Level
 Inner Flame              Hex/Fire       25%        N/A       5%          3
 Sting                    Tmut/Pois      24%        1d4       8%          1
 Kindle Blastsparks       Fire/Tloc/Air  38%        2d13      9%          3
 Poisonous Vapours        Pois/Air       12%        N/A       12%         2
 Ozocubu's Armour         Ice            6%         N/A       22%         3
 Airstrike                Air            3%         2d(1-17)  58%         4
 Anguish                  Hex/Necr       3%         N/A       58%         4
 Olgreb's Toxic Radiance  Pois           6%         N/A       58%         4
 Summon Lightning Spire   Summ/Air       6%         N/A       58%         4
 Lightning Bolt           Conj/Air       10%        1d23      58%         5
 Metabolic Englaciation   Hex/Ice        3%         N/A       91%         5
 Simulacrum               Ice/Necr       3%         N/A       100%        6
 Summon Cactus Giant      Summ           3%         N/A       100%        6
 Enfeeble                 Hex            3%         N/A       100%        7


Dungeon Overview and Level Annotations

Branches:
Dungeon (5/15)              Sewer (visited)
 Temple: D:4-7

Altars:
Cheibriados
Wu Jian

Annotations:
D:5 Crazy Yiuf


Innate Abilities, Weirdness & Mutations

You have very sharp fingernails.
You have large cloven feet.
You have a pair of small horns on your head.
A weak demonic guardian rushes to your aid.
Spells you cast may paralyse adjacent enemies.


Message History

a +0 dagger; a +0 chain mail
Things that are here:
a +1 heavy trident; a +0 scale mail
Found a war axe.
You see here a +0 war axe.
Found a leather armour.
There is a stone staircase leading up here.
You now have 354 gold pieces (gained 15).
There is an escape hatch in the floor here.
You see here a +0 leather armour.
There is a stone staircase leading up here.
There is a stone staircase leading down here.
There is an escape hatch in the ceiling here.
Crazy Yiuf shouts!
Crazy Yiuf says, "Ghoul ragdoll Orb Guardian!"
You open the door.
Crazy Yiuf drinks a potion.
Crazy Yiuf goes berserk!
Casting: Foxfire (safe; 1% risk of failure)
Confirm with . or Enter, or press ? or * to list all spells.
Casting: Flame Wave (dangerous; 6% risk of failure)
Press: ? - help, Dir - look around, f - activate A wave of flame ripples out!
The tree burns like a torch! (Press . to intensify the flame waves.) Malevolent energies surge around you.
A wave of flame ripples out!
The flame wave engulfs Crazy Yiuf!
Crazy Yiuf is moderately wounded.
The tree burns like a torch!
You are engulfed in blazing flames.
A demonic guardian appears!
Crazy Yiuf hits you with a +4 quarterstaff of chaos!
Crazy Yiuf freezes you.
Crazy Yiuf hits you with a +4 quarterstaff of chaos.
* * * LOW HITPOINT WARNING * * *
Crazy Yiuf burns you.
* * * LOW HITPOINT WARNING * * *
A wave of flame ripples out!
Your demonic guardian avoids your attack.
The flame wave engulfs Crazy Yiuf.
Crazy Yiuf is heavily wounded.
You smell burning wood.
The tree burns like a torch!
You finish channelling waves of flame.
You are engulfed in blazing flames.
You die...

#...>.......
#.####)##### #.# #.#
#. ##### #.####)# #)
#..)# #>.....# #.
#...# #####..# #. ...
##..####.
#§##g##§♣####..[.....
♣§§5@§§§♣#...........
♣§§§§§§§♣####........
♣§§§§§§§♣ #...####.
♣§.§§§§§♣ #...# #.
♣♣♣.♣♣♣♣# #...# #.
♣...♣♣ ####...####.
♣....♣ #.........#.
#....# #....#..#.#.
##..##########..#.#.


You could see Crazy Yiuf (berserk, ally target) and a friendly quasit
(summoned).

Vanquished Creatures
  Grinder (D:5)
  Sigmund (D:4)
  A water moccasin (D:4)
  3 black bears
  2 bullfrogs (Sewer)
  A scorpion (D:5)
  3 jellies (D:4)
  An orc priest (D:5)
  Ijyb (D:5)
  2 iguanas
  13 adders
  3 worms
  6 dart slugs
  10 orcs
  17 ball pythons
  18 endoplasms
  17 giant cockroaches
  5 goblins
  12 hobgoblins
  10 jackals
  10 quokkas
  8 bats
  8 frilled lizards
  8 kobolds
  7 rats
168 creatures vanquished.

Vanquished Creatures (others)
  418 foxfires
  A fungus (D:2)
  A plant (D:2)
420 creatures vanquished.

Grand Total: 588 creatures vanquished

Notes
Turn   | Place    | Note
-------+----------+-------------------------------------------
     0 | D:1      | Oxelix the Demonspawn Fire Elementalist began the quest for
                  | the Orb.
     0 | D:1      | Reached XP level 1. HP: 13/13 MP: 3/3
   247 | D:1      | Reached skill level 3 in Fire Magic
   247 | D:1      | Discovered your monstrous ancestry.
   247 | D:1      | Gained mutation: You have sharp fingernails. [demonic
                  | ancestry]
   247 | D:1      | Reached XP level 2. HP: 15/19 MP: 0/5
   920 | D:2      | Learned a level 2 spell: Scorch
  1085 | D:2      | Gained mutation: You have very sharp fingernails. [demonic
                  | ancestry]
  1085 | D:2      | Reached XP level 3. HP: 18/24 MP: 0/6
  1225 | D:2      | You fall into a shaft and drop 1 floor!
  1556 | D:2      | Found a faded altar of an unknown god.
  2076 | D:2      | Gained mutation: A weak demonic guardian rushes to your
                  | aid. [demonic ancestry]
  2076 | D:2      | Reached XP level 4. HP: 30/30 MP: 4/7
  2599 | D:3      | Noticed a black bear
  2602 | D:3      | Killed a black bear
  2603 | D:3      | Reached skill level 4 in Fire Magic
  2603 | D:3      | Gained mutation: Spells you cast may paralyse adjacent
                  | enemies. [demonic ancestry]
  2603 | D:3      | Reached XP level 5. HP: 35/35 MP: 3/9
  3558 | D:4      | Noticed a black bear
  3562 | D:4      | Killed a black bear
  3563 | D:4      | Gained mutation: You have large cloven feet. [demonic
                  | ancestry]
  3563 | D:4      | Reached XP level 6. HP: 33/41 MP: 1/11
  3878 | D:4      | Reached skill level 5 in Fire Magic
  3936 | D:4      | Learned a level 4 spell: Flame Wave
  4102 | D:4      | Found an ornate altar of the Wu Jian Council.
  4213 | D:4      | Noticed a water moccasin
  4222 | D:4      | Killed a water moccasin
  4223 | D:4      | Gained mutation: You have a pair of small horns on your
                  | head. [demonic ancestry]
  4223 | D:4      | Reached XP level 7. HP: 22/46 MP: 1/12
  4382 | D:4      | Noticed Sigmund
  4385 | D:4      | Killed Sigmund
  4550 | D:4      | Reached skill level 6 in Fire Magic
  4619 | D:5      | Entered Level 5 of the Dungeon
  4663 | D:5      | Found a glowing drain.
  4736 | Sewer    | Entered a sewer
  5377 | Sewer    | Reached XP level 8. HP: 52/52 MP: 10/15
  5532 | D:5      | Noticed Grinder
  5539 | D:5      | Killed Grinder
  5615 | D:5      | Found a snail-covered altar of Cheibriados.
  5633 | D:5      | Became a worshipper of Cheibriados the Contemplative
  5648 | D:5      | Reached skill level 5 in Spellcasting
  5648 | D:5      | Reached skill level 5 in Conjurations
  5648 | D:5      | Reached skill level 7 in Fire Magic
  5705 | D:5      | Noticed Ijyb
  5718 | D:5      | Killed Ijyb
  6234 | D:5      | Found a runed translucent door.
  6235 | D:5      | Noticed Crazy Yiuf
  6632 | D:5      | Engulfed by a cloud of flame

Illustrated notes

Levels and vault maps discovered:
D:1:      wander_arrival_chamber, layout_loops_ring
D:2:      layout_basic, dreamdust_ecumenical_altar_hidden_monk_grotto,
          kennysheep_generic_room_14
D:3:      layout_loops_ring
D:4:      layout_rooms, mainiacjoe_overflow_catwalk, minmay_joined_circles,
          uniq_sigmund
D:5:      layout_loops_ring, overflow_temple_1_default, gup_sewer_entry_pipe,
          uniq_ijyb, uniq_grinder, uniq_crazy_yiuf_cottage

Skill      XL: |  1  2  3  4  5  6  7  8 |
---------------+-------------------------+-----
Fire Magic     | 3 4 5 6 7 |  7.2
Conjurations   | 2 3 4 5 |  5.2
Spellcasting   | 3 4 5 |  5.1
Dodging        | |  1.7
Stealth        | |  1.7

Action                     |  1- 3 |  4- 6 |  7- 9 || total
---------------------------+-------+-------+-------++-------
  Melee: Unarmed           |    28 |     2 |     3 ||    33
         Hand axe          |     1 |       |       ||     1
         Punch             |     1 |       |       ||     1
         Kick              |       |       |     1 ||     1
         Headbutt          |       |       |     1 ||     1
   Cast: Foxfire           |    71 |    64 |   122 ||   257
         Scorch            |     4 |    26 |    21 ||    51
         Flame Wave        |       |       |     2 ||     2
    Use: Potion            |       |       |     1 ||     1
         Scroll            |       |       |     5 ||     5
   Stab: Paralysed         |       |     1 |     1 ||     2
 Armour: Robe              |     3 |       |     1 ||     4
  Dodge: Dodged            |    25 |     4 |     8 ||    37

Table legend: (Time is in decaauts)
 A = Elapsed time spent in this place.
 B = Non-inter-level travel time spent in this place.
 C = Inter-level travel time spent in this place.
 D = Time resting spent in this place.
 E = Time spent auto-exploring this place.
 F = Levels seen in this place.
 G = Mean time per level.
                   A        B        C        D        E       F      G
               +--------+--------+--------+--------+--------+-----+--------+
         Total |   6886 |   6773 |    113 |    204 |   5549 |   6 | 1147.7 |
       Dungeon |   6116 |   6003 |    113 |    204 |   4944 |   5 | 1223.2 |
         Sewer |    769 |    769 |      0 |      0 |    605 |   1 |  769.0 |
               +--------+--------+--------+--------+--------+-----+--------+

Top non-repeatable levels by time:
     D:2: 1511 daAuts
     D:5: 1500 daAuts
     D:3: 1132 daAuts
     D:4: 1082 daAuts
     D:1: 889 daAuts
   Sewer: 769 daAuts
